 Dungeon Crawl Stone Soup version 0.29.0-4-gdea44cf6ec (webtiles) character file.

Game seed: 956175819982827527

126 Descartes the Shield-Bearer (level 5, -8/42 HPs)
             Began as a Formicid Fighter on Aug 27, 2022.
             Mangled by Crazy Yiuf
             ... wielding a +4 quarterstaff of chaos
              (17 damage)
             ... on level 3 of the Dungeon.
             The game lasted 00:07:54 (2117 turns).

Descartes the Shield-Bearer (Formicid Fighter)      Turns: 2117, Time: 00:07:57

Health: -8/42      AC: 10    Str: 22    XL:     5   Next: 31%
Magic:  5/5        EV:  7    Int:  8    God:
Gold:   164        SH:  5    Dex: 13    Spells: 4/4 levels left

rFire   + . .      SeeInvis +   q - +6 hand axe "Tetujuc" {flame, +Blink rF+ rCorr Stlth-}
rCold   . . .      Faith    .   c - +0 buckler
rNeg    . . .      Spirit   .   y - +0 chain mail
rPois   .          Reflect  .   (helmet unavailable)
rElec   .          Harm     .   (no cloak)
rCorr   +          Rampage  .   (no gloves)
Will    .....                   x - +0 pair of boots
Stlth   ..........              (no amulet)
HPRegen 0.14/turn               (no ring)
MPRegen 0.09/turn               (no ring)

@: lethally poisoned (-8 -> -14)
A: permanent stasis, dig shafts and tunnels, antennae 3, four strong arms
a: Dig, Shaft Self


You were on level 3 of the Dungeon.
You visited 1 branch of the dungeon, and saw 3 of its levels.

You collected 164 gold pieces.

Inventory:

Hand Weapons
 f - a +0 falchion of holy wrath
 q - the +6 hand axe "Tetujuc" (weapon) {flame, +Blink rF+ rCorr Stlth-}
   (You found it on level 2 of the Dungeon)

   It burns those it strikes, dealing additional fire damage.
   Big, fiery blades are also staple armaments of hydra-hunters.
   rF:        It protects you from fire.
   +Blink:    It lets you blink.
   rCorr:     It protects you from acid and corrosion.
   Stlth:     It makes you less stealthy.
Missiles
 g - 18 stones
 h - 2 boomerangs
 t - 6 poisoned darts
Armour
 c - a +0 buckler (worn)
 x - a +0 pair of boots (worn)
 y - a +0 chain mail (worn)
Wands
 w - a wand of flame (30)
Scrolls
 j - 3 scrolls of identify {unknown}
 l - a scroll of immolation {unknown}
 m - 3 scrolls of torment {unknown}
 p - 2 scrolls of blinking {unknown}
 s - a scroll of amnesia {unknown}
Potions
 d - a potion of might
 e - a potion of ambrosia {unknown}
 i - 4 potions of mutation {unknown}
 k - a potion of curing
 n - 2 potions of berserk rage {unknown}
 o - a potion of heal wounds {unknown}
 r - a potion of lignification {unknown}
 u - a potion of invisibility {unknown}
 v - a potion of attraction {unknown}


   Skills:
 + Level 3.7 Fighting
 + Level 2.5(2.8) Axes
 + Level 1.1(2.0) Maces & Flails
 + Level 1.0(2.0) Polearms
 + Level 3.7 Armour
 + Level 4.4 Shields
 + Level 1.2 Translocations
 + Level 1.1 Earth Magic
 + Level 1.5 Evocations


You had 4 spell levels left.
You didn't know any spells.
Your spell library contained the following spells:

 Spells                   Type           Power      Damage    Failure   Level
 Magic Dart               Conj           0%         1d3       99%         1
 Passwall                 Tmut/Erth      0%         N/A       99%         2
 Call Imp                 Summ           0%         N/A       100%        2
 Ensorcelled Hibernation  Hex/Ice        0%         N/A       100%        2
 Frozen Ramparts          Ice            0%         1d1       100%        3
 Mephitic Cloud           Conj/Pois/Air  0%         N/A       100%        3
 Stone Arrow              Conj/Erth      0%         3d7       100%        3
 Animate Armour           Summ/Erth      0%         N/A       100%        4
 Ice Form                 Ice/Tmut       0%         N/A       100%        4
 Summon Ice Beast         Ice/Summ       0%         N/A       100%        4
 Lehudib's Crystal Spear  Conj/Erth      0%         10d2      100%        8
 Swiftness                Air            Unusable   N/A       N/A         3

Dungeon Overview and Level Annotations

Branches:
Dungeon (3/15)

Altars:

Annotations:
D:3 Crazy Yiuf


Innate Abilities, Weirdness & Mutations

You cannot be hasted, slowed, berserked, paralysed or teleported.
You can dig through walls and to a lower floor.
You have a pair of large antennae on your head. (SInv)
Your four strong arms can wield two-handed weapons with a shield.


Message History

You continue putting on your +0 pair of boots. x4
You finish putting on your +0 pair of boots.
Found a chain mail.
You see here a +0 chain mail.
y - a +0 chain mail You start removing your armour.
You continue taking off your +0 scale mail. x4
You finish taking off your +0 scale mail.
You start putting on your armour.
You continue putting on your +0 chain mail. x5
You finish putting on your +0 chain mail.
You drop a +0 war axe.
You drop a +0 scale mail.
Found a hammer.
Found a runed translucent door.
You open the door. You closely miss Crazy Yiuf. Crazy Yiuf closely misses you.
You slash Crazy Yiuf! You burn Crazy Yiuf.
Crazy Yiuf is heavily wounded.
Crazy Yiuf drinks a potion.
Crazy Yiuf is healed!
Crazy Yiuf hits you with a +4 quarterstaff of chaos.
Crazy Yiuf freezes you.
You barely miss Crazy Yiuf.
Crazy Yiuf is lightly wounded.
Crazy Yiuf hits you with a +4 quarterstaff of chaos!
You are poisoned.
You hit Crazy Yiuf but do no damage.
Crazy Yiuf is lightly wounded.
You feel very sick. Crazy Yiuf closely misses you.
You barely miss Crazy Yiuf.
Crazy Yiuf is lightly wounded.
You feel very sick. You block Crazy Yiuf's attack.
You hit Crazy Yiuf. You burn Crazy Yiuf.
Crazy Yiuf is moderately wounded.
You feel sick.
Crazy Yiuf hits you with a +4 quarterstaff of chaos!
* * * LOW HITPOINT WARNING * * *
You are electrocuted!
You die...

............
...........
..........
..########
##### ..#
#)..#
..#####
#...#
....[.# ...
#####.# #g#
#.#### #@##
#....## ##.#
####..# #.##
##.# ##.#
#.# ##.##
#.## ##...#
#..# #....#
##.# #....#
#.####....#


You could see Crazy Yiuf.

Vanquished Creatures
  An iguana (D:3)
  An orc wizard (D:3)
  2 adders
  A worm (D:2)
  2 dart slugs
  6 orcs (D:3)
  4 endoplasms
  2 giant cockroaches (D:1)
  4 goblins
  4 hobgoblins
  A quokka (D:2)
  3 ball pythons
  3 bats
  5 frilled lizards
  4 kobolds
  5 rats
48 creatures vanquished.

Notes
Turn   | Place    | Note
-------+----------+-------------------------------------------
     0 | D:1      | Descartes the Formicid Fighter began the quest for the Orb.
     0 | D:1      | Reached XP level 1. HP: 18/18 MP: 1/1
   268 | D:1      | Reached XP level 2. HP: 24/24 MP: 2/2
   835 | D:2      | Reached XP level 3. HP: 26/29 MP: 3/3
   843 | D:2      | Identified the +6 hand axe "Tetujuc" {flame, +Blink rF+
                  | rCorr Stlth-}
  1330 | D:2      | Reached skill level 1 in Evocations
  1601 | D:2      | Reached skill level 1 in Translocations
  1713 | D:3      | Reached XP level 4. HP: 36/36 MP: 4/4
  1827 | D:3      | Reached skill level 1 in Earth Magic
  1828 | D:3      | Reached XP level 5. HP: 33/42 MP: 5/5
  1943 | D:3      | Reached skill level 1 in Maces & Flails
  1943 | D:3      | Reached skill level 1 in Polearms
  2107 | D:3      | Found a runed translucent door.
  2108 | D:3      | Noticed Crazy Yiuf
  2117 | D:3      | Mangled by Crazy Yiuf

Illustrated notes

Levels and vault maps discovered:
D:1:      noname_arrival_rooms_in_the_neighbourhood, layout_rooms,
          minmay_hexomino_p4
D:2:      layout_basic, kennysheep_generic_room_8
D:3:      layout_basic, uniq_crazy_yiuf_cottage

Skill      XL: |  1  2  3  4  5 |
---------------+----------------+-----
Evocations     | 1 |  1.5
Translocations | 1 |  1.2
Earth Magic    | 1 |  1.1
Maces & Flails | 1 |  1.1
Polearms       | 1 |  1.0
Fighting       | |  3.7
Axes           | |  2.5
Armour         | |  3.7
Shields        | |  4.4

Action                   |  1- 3 |  4- 6 || total
-------------------------+-------+-------++-------
Melee: War axe           |    44 |       ||    44
       Hand axe          |    19 |    27 ||    46
Armor: Scale mail        |    20 |     7 ||    27
Dodge: Dodged            |    29 |    13 ||    42
Block: Buckler           |    17 |     3 ||    20
